 Dungeon Crawl Stone Soup version 0.31-a0-175-g9f7f995f2b (webtiles) character file.

Game seed: 14008644827428744759

206 qw the Shooter (level 5, -1/32 HPs)
             Began as a Gargoyle Hunter on June 17, 2023.
             Slain by a scorpion (5 damage)
             ... on level 4 of the Dungeon.
             The game lasted 00:01:01 (2165 turns).

qw the Shooter (Gargoyle Hunter)                    Turns: 2165, Time: 00:01:02

Health: -1/32      AC: 11    Str: 14    XL:     5   Next: 84%
Magic:  5/5        EV: 10    Int: 10    God:
Gold:   104        SH:  0    Dex: 15    Spells: 4/4 levels left

rFire   . . .        Y - +0 shortbow (flame)
rCold   . . .        (shield currently unavailable)
rNeg    + . .        b - +0 ring mail
rPois   inf          (no helmet)
rElec   +            (no cloak)
rCorr   .            f - +1 pair of gloves
SInv    .            (no boots)
Will    .....        m - amulet of the acrobat
Stlth   +            (no ring)
HPRegen 0.25/turn    (no ring)
MPRegen 0.09/turn

%: acrobat
@: no status effects
A: sickness immunity, AC +4, negative energy resistance 1, electricity
resistance, torment resistance 1, petrification resistance
a: no special abilities


You were on level 4 of the Dungeon.
You visited 1 branch of the dungeon, and saw 4 of its levels.

You collected 146 gold pieces.
You spent 42 gold pieces at shops.


Innate Abilities, Weirdness & Mutations

You are immune to sickness and miasma.
Your stone body is resilient. (AC +4)
You are immune to poison.
You resist negative energy. (rN+)
You are resistant to electric shocks. (rElec)
You are resistant to unholy torment.
You are immune to petrification.


   Skills:
 + Level 3.2 Fighting
 - Level 6.3 Ranged Weapons
 - Level 1.0 Armour
 - Level 1.5 Dodging
 - Level 1.1 Stealth


You had 4 spell levels left.
You didn't know any spells.
Your spell library was empty.

Inventory:

Hand Weapons
 Y - a +0 shortbow of flaming (weapon)
Armour
 b - a +0 ring mail (worn)
 f - a +1 pair of gloves (worn)
Jewellery
 m - an amulet of the acrobat (around neck)
Scrolls
 a - a scroll of identify
Potions
 d - a potion of enlightenment {unknown}
 e - 2 potions of haste
 g - a potion of might {unknown}
 h - a potion of cancellation {unknown}
 i - a potion of curing
 j - a potion of lignification {unknown}
 n - a potion of magic {unknown}
 o - 2 potions of heal wounds {unknown}

Dungeon Overview and Level Annotations

Branches:
Dungeon (4/15)
 Temple: D:4-7

Altars:
Xom

Shops:
D:2 !


Message History

The scorpion stings you. The hobgoblin hits you.
The scorpion stings you but does no damage.
The scorpion stings you. The hobgoblin closely misses you.
You shoot an arrow. The arrow barely misses the scorpion.
The scorpion closely misses you. The scorpion barely misses you.
The hobgoblin hits you but does no damage.
You shoot an arrow. The arrow hits the scorpion!
The arrow burns the scorpion.
You kill the scorpion!
The scorpion stings you but does no damage.
The hobgoblin closely misses you. The scorpion stings you.
Your Ranged Weapons skill increases to level 6!
You shoot an arrow. The arrow hits the scorpion.
The arrow burns the scorpion.
The scorpion is moderately wounded.
The hobgoblin hits you but does no damage.
The scorpion stings you but does no damage.
You shoot an arrow. The arrow barely misses the scorpion.
The scorpion barely misses you.
The hobgoblin hits you but does no damage.
You shoot an arrow.
The arrow hits the scorpion but does no damage.
The scorpion is moderately wounded.
The scorpion stings you.
The hobgoblin hits you but does no damage.
The scorpion stings you.
The hobgoblin hits you but does no damage.
You shoot an arrow. The arrow barely misses the scorpion.
The scorpion closely misses you.
The hobgoblin hits you but does no damage.
You shoot an arrow. The arrow closely misses the scorpion.
The scorpion closely misses you.
The hobgoblin hits you but does no damage.
The scorpion closely misses you.
You shoot an arrow. The arrow hits the scorpion.
The arrow burns the scorpion.
The scorpion is heavily wounded.
The scorpion stings you but does no damage.
The hobgoblin closely misses you.
You shoot an arrow. The arrow hits the scorpion!
The arrow burns the scorpion.
The scorpion is almost dead.
The scorpion stings you.
You die...

#.####.###%###.#.###....
#......# #..............
#######.###.#####.###...
................#.#
........#[#####.#.#
#########.# #...# #.#
#..####.### #.#
#..s....... #.#
##@####.###
.......g.%......
################


You could see a scorpion and a hobgoblin.

Vanquished Creatures
  A scorpion (D:4)
  4 adders
  4 gnolls (D:2)
  3 worms
  An orc (D:3)
  4 ball pythons
  10 bats
  7 endoplasms
  4 giant cockroaches
  4 goblins
  5 hobgoblins
  2 quokkas
  5 frilled lizards
  7 kobolds
  5 rats
66 creatures vanquished.

Notes
Turn   | Place    | Note
-------+----------+-------------------------------------------
     0 | D:1      | qw the Gargoyle Hunter began the quest for the Orb.
     0 | D:1      | Reached XP level 1. HP: 12/12 MP: 1/1
     0 | D:1      | 0 ||| qw: Version: 0.3-a-3-g30531e4
     0 | D:1      | 0 ||| qw: Game counter: 396
     0 | D:1      | 0 ||| qw: Always use a shield: true
     0 | D:1      | 0 ||| qw: God list: Okawaru
     0 | D:1      | 0 ||| qw: Allow faded altars: false
     0 | D:1      | 0 ||| qw: Do Orc after D:15 true
     0 | D:1      | 0 ||| qw: Do second Lair branch before Depths: true
     0 | D:1      | 0 ||| qw: Lair rune preference: random
     0 | D:1      | 0 ||| qw: Plans: Normal, Zot:1-4, Slime:5, God:TSO, Crypt,
                  | Tomb, Abyss, Pan, Hells, Win
     0 | D:1      | 0 ||| PLANNING D:1-11
    67 | D:1      | Reached XP level 2. HP: 17/17 MP: 2/2
   331 | D:1      | Reached XP level 3. HP: 21/21 MP: 3/3
   381 | D:1      | Reached skill level 5 in Ranged Weapons
   692 | D:1      | 692 ||| UPGRADING to +1 pair of gloves.
   697 | D:1      | 697 ||| READING 2 scrolls labelled JIRARA FEMUZ.
   698 | D:1      | 698 ||| DRINKING 2 fuming golden potions.
   699 | D:1      | 699 ||| DROPPING scroll of butterflies.
   777 | D:2      | Reached skill level 3 in Fighting
   777 | D:2      | Reached XP level 4. HP: 22/28 MP: 4/4
   779 | D:2      | 779 ||| FLEEEEING.
   780 | D:2      | 780 ||| FLEEEEING.
   781 | D:2      | 781 ||| FLEEEEING.
   782 | D:2      | 782 ||| FLEEEEING.
   783 | D:2      | 783 ||| FLEEEEING.
   784 | D:2      | 784 ||| FLEEEEING.
   786 | D:2      | 786 ||| FLEEEEING.
   787 | D:2      | 787 ||| FLEEEEING.
   788 | D:2      | 788 ||| FLEEEEING.
   789 | D:2      | 789 ||| FLEEEEING.
   790 | D:2      | 790 ||| FLEEEEING.
  1132 | D:2      | Found Buwko's Distillery.
  1140 | D:2      | 1140 ||| SHOPLISTING 2 potions of curing (84 gold, have
                  | 68).
  1140 | D:2      | 1140 ||| BUYING potion of curing (42 gold).
  1140 | D:2      | Bought a potion of curing for 42 gold pieces
  1140 | D:2      | 1140 ||| SHOPLISTING potion of curing (42 gold, have 26).
  1140 | D:2      | 1140 ||| SHOPLISTING potion of haste (140 gold, have 26).
  1413 | D:2      | 1413 ||| UPGRADING to +0 ring mail.
  1423 | D:2      | 1423 ||| DROPPING +0 leather armour.
  1506 | D:3      | Found a shimmering altar of Xom.
  1781 | D:3      | Reached skill level 1 in Armour
  1781 | D:3      | Reached XP level 5. HP: 32/32 MP: 5/5
  2081 | D:3      | 2081 ||| UPGRADING to amulet of the acrobat.
  2086 | D:3      | 2086 ||| READING scroll labelled JAK HAZEMENIKO.
  2087 | D:3      | 2087 ||| READING scroll labelled BYPIGRENTO.
  2092 | D:3      | 2092 ||| READING scroll labelled LENLEA YSSOISM.
  2093 | D:3      | 2093 ||| READING scroll labelled KEZ EGEMETONK.
  2159 | D:4      | Reached skill level 6 in Ranged Weapons
  2161 | D:4      | HP: 3/32 [scorpion (6)]
  2165 | D:4      | Slain by a scorpion

Levels and vault maps discovered:
D:1:      evilmike_arrival_fibonacci_small, layout_rooms, serial_forest,
          infiniplex_forest_lined_1, infiniplex_forest_split,
          infiniplex_forest_clump_tiny, infiniplex_forest_clump_tiny,
          infiniplex_forest_clump_double, infiniplex_forest_clump_cross,
          infiniplex_forest_pool, infiniplex_forest_clump_tiny,
          infiniplex_forest_lined_room_3, bh_walls_and_bars
D:2:      layout_loops_cross, serial_shops, shop, nrook_mini_vaults
D:3:      layout_basic, mainiacjoe_overflow_alcove_1
D:4:      layout_loops_ring, minitemple, minmay_temple_entry_statues_pillars

Skill      XL: |  1  2  3  4  5 |
---------------+----------------+-----
Ranged Weapons | 5 6 |  6.3
Fighting       | 3 |  3.2
Armour         | 1 |  1.0
Dodging        | |  1.5
Stealth        | |  1.1

Action                     |  1- 3 |  4- 6 || total
---------------------------+-------+-------++-------
   Fire: Shortbow          |    89 |   158 ||   247
    Use: Scroll            |     1 |     4 ||     5
         Potion            |     1 |       ||     1
 Armour: Leather armour    |    18 |    12 ||    30
         Ring mail         |       |    45 ||    45
  Dodge: Dodged            |    27 |    53 ||    80

Table legend:
 A = Non-vault XP
 B = Vault XP
 C = Vault XP percentage of total XP
 D = Non-vault monster count
 E = Vault monster count
 F = Vault count percentage of total count
                 A         B        C        D         E       F
            +---------+---------+-------+---------+---------+-------
      Total |     295 |       0 |   0.0 |      66 |       0 |   0.0
            +---------+---------+-------+---------+---------+-------
        D:1 |      42 |       0 |   0.0 |      26 |       0 |   0.0
        D:2 |     104 |       0 |   0.0 |      22 |       0 |   0.0
        D:3 |      59 |       0 |   0.0 |      15 |       0 |   0.0
        D:4 |      90 |       0 |   0.0 |       3 |       0 |   0.0
            +---------+---------+-------+---------+---------+-------
